Unix NetHack Version 5.0.0-0 post-release - last build May  4 2026 22:22:43 (774f63e81ad911689b3a0859ea89b322d5daca8d,branch:main).

Game began 2026-05-07 20:16:42, ended 2026-05-07 20:32:35.

Drastanta, chaotic male elven Wizard

                 #
         --------.-
         |.....<..-#
        #...[(....|#
        #|.......!|#                                -------------
        #----------#                               |........$...|
        ##         #       ------------########@B##.............+
         #         #     ##-..........-#           |............|
         #        ##     # |..........|             ............|
         ###     ##      # |..........|              .?.........|
           #     #       # |.......(..|              ------------
           #     #-----  # ------------
           #     #|...|###
           #     #|..>|#
  ---------#     #|....#
  |!+=?!!+|#     #|...|
  |)!))?+.-#     #..^.|
  |!))..?.|       |...|
  ---------       -----

Drastanta the Conjurer    St:9 Dx:14 Co:13 In:20 Wi:11 Ch:11  Chaotic
Dlvl:3  $:45 HP:0(25) Pw:28(28) AC:7  Xp:3 T:1154 

Latest messages:
 The giant bat bites!
 The giant bat bites!
 You hit the giant bat!
 The giant bat bites!
 The giant bat bites!
 You miss the hobgoblin.
 The hobgoblin hits!
 The giant bat bites!
 The giant bat misses!
 You miss the hobgoblin.
 The hobgoblin hits!
 The giant bat bites!
 The giant bat bites!
 Are you sure you want to pray? [yn] (n) y
 You begin praying to Anhur.
 You are surrounded by a shimmering light.
 The hobgoblin starts to attack you, but pulls back.
 The giant bat starts to attack you, but pulls back.
 The giant bat starts to attack you, but pulls back.
 The hobgoblin starts to attack you, but pulls back.
 The giant bat starts to attack you, but pulls back.
 The giant bat starts to attack you, but pulls back.
 The giant bat starts to attack you, but pulls back.
 The giant bat starts to attack you, but pulls back.
 You finish your prayer.
 You feel that Anhur is pleased.
 You feel much better.
 You hit the hobgoblin!
 The hobgoblin drinks a magenta potion!
 The hobgoblin looks much better.
 The giant bat bites!
 The giant bat bites!
 You hit the hobgoblin.
 The giant bat bites!
 The giant bat bites!
 You miss the hobgoblin.
 You hit the hobgoblin!
 The giant bat bites!
 The giant bat bites!
 You kill the hobgoblin!
 The giant bat bites!
 There are several objects here.
 The giant bat bites!
 What do you want to drink? [gh or ?*] ?
 You are suddenly moving much faster.
 Your quickness feels very natural.
 The giant bat bites!
 You die...
 Do you want your possessions identified? [ynq] (y) y
 Do you want to see your attributes? [ynq] (y) q

Inventory:
 Coins    ('$')
  $ - 45 gold pieces
 Weapons  (')')
  a - a blessed +1 quarterstaff (weapon in hands)
 Armor    ('[')
  b - an uncursed +0 cloak of magic resistance (being worn)
  y - an uncursed +0 leather armor (being worn)
 Comestibles  ('%')
  A - an uncursed tripe ration
 Scrolls  ('?')
  j - 2 uncursed scrolls of enchant armor
  i - 2 uncursed scrolls of enchant weapon
  k - an uncursed scroll of identify
 Spellbooks  ('+')
  m - an uncursed spellbook of extra healing
  l - a blessed spellbook of force bolt
  r - an uncursed spellbook of levitation
  v - an uncursed spellbook of slow monster
 Potions  ('!')
  g - an uncursed potion of fruit juice
  h - an uncursed potion of speed
 Rings    ('=')
  d - an uncursed ring of cold resistance
  e - an uncursed ring of conflict
 Wands    ('/')
  c - a wand of digging (0:6)
 Tools    ('(')
  p - an uncursed bell
  o - an uncursed blindfold
  u - a cursed lock pick
  n - a magic marker (0:20)
  t - a cursed magic whistle

Drastanta the Wizard's attributes:

Background:
 You were a Conjurer, a level 3 male elven Wizard.
 You were chaotic, on a mission for Anhur
 who was opposed by Ptah (lawful) and Thoth (neutral).
 You were right-handed.
 You were in the Dungeons of Doom, on level 3.
 You entered the dungeon 1154 turns ago.
 You had 59 experience points, 21 more were needed to attain level 4.

Basics:
 You had 0 out of 25 hit points.
 You had all 28 energy points (spell power).
 Your armor class was 7.
 Your wallet contained 45 zorkmids.
 Autopickup was off.

Final Characteristics:
 Your strength was 9 (limit:18).
 Your dexterity was 14 (limit:18).
 Your constitution was 13 (limit:16).
 Your intelligence was 20 (limit:20).
 Your wisdom was 11 (limit:20).
 Your charisma was 11 (limit:18).

Final Status:
 You weren't hungry.
 You were unencumbered.
 You were wielding a quarterstaff.
 You had basic skill with quarterstaff.

Final Attributes:
 You were devoutly aligned.
 You were magic-protected.
 You had infravision.
 You were warded.
 You were very fast.
 You are dead.

Miscellaneous:
 You didn't encounter any bones levels.
 Total elapsed playing time was 15 minutes and 52 seconds.

Major events:
 Turn
    1: Drastanta the chaotic male elven Wizard entered the dungeon
  671: attained the rank of Conjurer (level 3)
 1154: killed by a giant bat

Spells:
 Name                 Level Category     Fail Retention
 force bolt             1   attack         0%  91%-100%
 extra healing          3   healing       63%  76%-100%

Skills:
 Fighting Skills
   bare handed combat [Unskilled]
   riding             [Unskilled]
 Weapon Skills
   dagger             [Unskilled]
   knife              [Unskilled]
   axe                [Unskilled]
   short sword        [Unskilled]
   club               [Unskilled]
   mace               [Unskilled]
   quarterstaff       [Basic]
   polearms           [Unskilled]
   spear              [Unskilled]
   trident            [Unskilled]
   sling              [Unskilled]
   dart               [Unskilled]
   shuriken           [Unskilled]
 Spellcasting Skills
   attack spells      [Basic]
   healing spells     [Unskilled]
   divination spells  [Unskilled]
   enchantment spells [Basic]
   clerical spells    [Unskilled]
   escape spells      [Unskilled]
   matter spells      [Unskilled]

Voluntary challenges:
 Character rerolling was not enabled.
 You never genocided any monsters.
 You never polymorphed an object.
 You never changed form.
 You used no wishes.
Achievements:
 You attained the rank of Conjurer.
 You entered a shop.

 The Dungeons of Doom: levels 1 to 3
    Level 1:
    Level 2:
       A fountain.
    Level 3: <- You were here.
       A general store.
       Final resting place for
          you, killed by a giant bat.


Vanquished creatures:
  a kitten
 an orc zombie
  a hobbit
  a hobgoblin
  a gnome zombie
  4 jackals
  a fox
  2 kobolds
  2 sewer rats
  4 grid bugs
  3 lichens
  5 kobold zombies
  5 newts
31 creatures vanquished.

No species were genocided or became extinct.

Game over:
                       ----------
                      /          \
                     /    REST    \
                    /      IN      \
                   /     PEACE      \
                  /                  \
                  |    Drastanta     |
                  |      45 Au       |
                  |   killed by a    |
                  |    giant bat     |
                  |                  |
                  |                  |
                  |       2026       |
                 *|     *  *  *      | *
        _________)/\\_//(\/(/\)/\//\/|_)_______

Goodbye Drastanta the Wizard...

You died in The Dungeons of Doom on dungeon level 3 with 377 points,
and 45 pieces of gold, after 1154 moves.
You were level 3 with a maximum of 25 hit points when you died.

